 Dungeon Crawl Stone Soup version 0.27-a0-380-g150de4c316 (webtiles) character file.

Game seed: 5899977762402049913

72 kae the Ruffian (level 4, -3/36 HPs)
             Began as a Draconian Transmuter on Feb 17, 2021.
             Killed by divine providence
             ... invoked by an orc priest
              (14 damage)
             ... on level 3 of the Dungeon.
             The game lasted 00:01:45 (2333 turns).

kae the Ruffian (Draconian Transmuter)              Turns: 2333, Time: 00:01:46

Health: -3/36      AC:  8    Str: 13    XL:     4   Next: 7%
Magic:  7/7        EV: 12    Int: 13    God:
Gold:   90         SH:  0    Dex: 12    Spells: 6/7 levels left

rFire    . . .     SeeInvis .     - Unarmed
rCold    . . .     Faith    .   (no shield)
rNeg     . . .     Spirit   .   (armour unavailable)
rPois    .         Reflect  .   (helmet restricted)
rElec    .         Harm     .   (no cloak)
rCorr    .         Rampage  .   (no gloves)
Will     .....                  g - +2 pair of boots
Stlth    +.........             (no amulet)
HPRegen  0.12/turn              (no ring)
MPRegen  0.10/turn              (no ring)

@: no status effects
A: unfitting armour, cold-blooded, AC +5
a: no special abilities


You were on level 3 of the Dungeon.
You visited 1 branch of the dungeon, and saw 3 of its levels.

You collected 90 gold pieces.

Inventory:

Armour
 g - a +2 pair of boots (worn)
Jewellery
 d - a ring of fire
Scrolls
 e - a scroll of identify
Potions
 b - a potion of cancellation
 c - a potion of flight


   Skills:
 + Level 1.8 Fighting
 + Level 2.1 Dodging
 * Level 3.6 Unarmed Combat
 + Level 2.3 Spellcasting
 * Level 2.9 Transmutations


You had 6 spell levels left.
You knew the following spells:

 Your Spells              Type           Power        Failure   Level
a - Beastly Appendage     Tmut           18%          8%          1

Your spell library contained the following spells:

 Spells                   Type           Power        Failure   Level
 Wereblood                Tmut           9%           12%         2
 Spider Form              Tmut/Pois      2%           38%         3
 Ice Form                 Ice/Tmut       5%           80%         4
 Blade Hands              Tmut           4%           91%         5


Dungeon Overview and Level Annotations

Branches:
Dungeon (3/15)

Altars:
Yredelemnul

Annotations:
D:3 Grinder


Innate Abilities, Weirdness & Mutations

Your plain brown scales are hard. (AC +5)
You cannot fit into any form of body armour.
You are cold-blooded and may be slowed by cold attacks.


Message History

You see here a bat corpse.
An orc is nearby!
An orc comes into view. It is wielding a +0 hand axe.
You flicker for a moment.
Casting: Beastly Appendage (safe; 8% risk of failure)
Confirm with . or Enter, or press ? or * to list all spells.
You grow a pair of large bovine horns.
Your feet morph into talons.
Your +2 pair of boots melds into your body.
An orc wizard comes into view. It is wielding a +0 dagger.
The orc wizard shouts!
You hear an angry hiss.
You hear a shout!
An adder and an orc come into view.
The orc shouts!
You hear a shout!
An orc priest comes into view. It is wielding a +0 flail.
You flicker back into view.
The adder hisses angrily.
The orc priest shouts!
The orc shouts!
Your transformation is almost over.
Okay, then.
As you read the scroll of teleportation, it crumbles to dust.
You feel strangely unstable. The orc hits you with a +0 whip.
A bat comes into view.
Your surroundings suddenly seem different.
The bat moves out of view.
An orc comes into view. It is wielding a +0 hand axe.
Your magical contamination has completely faded away.
You hit the orc. You claw the orc.
You kill the orc!
A hobgoblin, 3 orcs and an orc priest come into view.
An orc is wielding a +1 hand axe of distortion.
Your horns disappear.
Your talons disappear.
Your +2 pair of boots unmelds from your body.
The orc shouts!
The orc priest shouts!
The hobgoblin shouts!
The orc priest mumbles some strange prayers to Beogh against you.
Beogh smites you!
Found 24 arrows.
Things that are here:
a +0 hand axe; a +0 leather armour; an orc corpse
Found a quarterstaff.
The orc priest mumbles some strange prayers to Beogh against you.
Beogh smites you!
You die...

#.# #.# ..#
#.# #.# #.#
#.# #.# #.#
###.## #.#
.... #.#
#..#
########.#
#..####..#
.........##
...)....@#
#######.5..
..####.##
#.### #.#
#.# #o# ?#.
#g# .# #
#)# ##
...o..oo#
..o...o.#
#........


You could see an orc priest, 3 orcs and a hobgoblin.

Vanquished Creatures
  A gnoll (D:1)
  2 adders (D:2)
  2 worms (D:2)
  2 dart slugs
  An orc (D:3)
  5 bats
  2 giant cockroaches (D:1)
  6 goblins
  3 hobgoblins (D:1)
  2 jackals (D:1)
  2 frilled lizards
  2 kobolds
  3 rats (D:1)
33 creatures vanquished.

Notes
Turn   | Place    | Note
-------+----------+-------------------------------------------
     0 | D:1      | kae the Draconian Transmuter began the quest for the Orb.
     0 | D:1      | Reached XP level 1. HP: 16/16 MP: 3/3
   211 | D:1      | Reached XP level 2. HP: 23/23 MP: 3/5
   766 | D:1      | Reached XP level 3. HP: 21/28 MP: 4/6
  1100 | D:2      | Found a basalt altar of Yredelemnul.
  2195 | D:3      | Reached XP level 4. HP: 36/36 MP: 7/7
  2291 | D:3      | Noticed Grinder
  2333 | D:3      | Killed from afar by an orc priest

Illustrated notes

Levels and vault maps discovered:
D:1:      nzn_arrival_water_spiral, layout_basic
D:2:      layout_loops_ring, lemuel_doored_altar
D:3:      layout_loops_ring, uniq_sigmund, uniq_grinder

Skill      XL: |  1  2 |
---------------+-------+-----
Dodging        | 2 |  2.1
Fighting       | |  1.8
Unarmed Combat | |  3.6
Spellcasting   | |  2.3
Transmutations | |  2.9

Action                   |  1- 3 |  4- 6 || total
-------------------------+-------+-------++-------
Melee: Unarmed           |    90 |     8 ||    98
       Headbutt          |    11 |       ||    11
       Kick              |    19 |     1 ||    20
       Tailslap          |     4 |       ||     4
 Cast: Beastly Appendage |    21 |     2 ||    23
  Use: Scroll            |     5 |     3 ||     8
       Potion            |       |     1 ||     1
 Stab: Sleeping          |     1 |     1 ||     2
Armor: Skin              |    36 |     2 ||    38
Dodge: Dodged            |    48 |     3 ||    51

Table legend: (Time is in decaauts)
 A = Elapsed time spent in this place.
 B = Non-inter-level travel time spent in this place.
 C = Inter-level travel time spent in this place.
 D = Time resting spent in this place.
 E = Time spent auto-exploring this place.
 F = Levels seen in this place.
 G = Mean time per level.
                   A        B        C        D        E       F      G
               +--------+--------+--------+--------+--------+-----+--------+
         Total |   2330 |   2277 |     53 |      0 |   1992 |   3 |  776.7 |
       Dungeon |   2330 |   2277 |     53 |      0 |   1992 |   3 |  776.7 |
               +--------+--------+--------+--------+--------+-----+--------+

Top non-repeatable levels by time:
     D:2: 1094 daAuts
     D:1: 1089 daAuts
     D:3: 146 daAuts
